 Dungeon Crawl Stone Soup version 0.30-a0-715-gdb4ae3ece1 (webtiles) character file.

Game seed: 10198985983170382517

2758 Decipherer the Spear-Bearer (level 9, -4/81 HPs)
             Began as a Minotaur Berserker on Jan 23, 2023.
             Was a Priest of Trog.
             Killed from afar by an electric eel (12 damage)
             ... with a bolt of electricity
             ... on level 7 of the Dungeon.
             The game lasted 00:06:36 (6635 turns).

Decipherer the Spear-Bearer (Minotaur Berserker)    Turns: 6635, Time: 00:06:37

Health: -4/81      AC: 10    Str: 27    XL:     9   Next: 41%
Magic:  8/8        EV: 25    Int:  4    God:    Trog [***...]
Gold:   506        SH:  0    Dex:  9    Spells: 8/8 levels left

rFire   + . .      SeeInvis .    q - +1 scythe
rCold   . . .      Faith    .    (shield currently unavailable)
rNeg    . . .      Spirit   .    x - +0 chain mail
rPois   .          Reflect  .    (helmet restricted)
rElec   .          Harm     .    (no cloak)
rCorr   .          Rampage  .    (no gloves)
Will    +....                    p - +0 pair of boots Stlth
                                 c - amulet of the acrobat
HPRegen 0.33/turn                o - ring of willpower
MPRegen 0.11/turn                D - ring of protection from fire

@: about to teleport, acrobatic
A: horns 2, retaliatory headbutt
a: Renounce Religion, Berserk, Trog's Hand


You were on level 7 of the Dungeon.
You worshipped Trog.
Trog was most pleased with you.
You visited 1 branch of the dungeon, and saw 7 of its levels.

You collected 506 gold pieces.

Inventory:

Hand Weapons
 q - a +1 scythe (weapon)
Missiles
 b - 4 silver boomerangs
 w - 5 poisoned darts
 y - 2 boomerangs
 z - 3 javelins
Armour
 p - a +0 pair of boots (worn)
 x - a +0 chain mail (worn)
Jewellery
 c - an amulet of the acrobat (around neck)
 o - a ring of willpower (left hand)
 A - a ring of positive energy
 D - a ring of protection from fire (right hand)
Wands
 r - a wand of digging (5)
 s - a wand of acid (7)
Scrolls
 a - 2 scrolls of identify
 k - 2 scrolls of teleportation
 m - 4 scrolls of summoning
 t - a scroll of silence
 B - a scroll of noise {unknown}
 C - 3 scrolls of enchant armour {unknown}
Potions
 d - 3 potions of haste
 e - 6 potions of curing
 f - 3 potions of heal wounds
 g - 2 potions of berserk rage
 h - a potion of cancellation {unknown}
 i - 3 potions of mutation {unknown}
 j - a potion of degeneration {unknown}
 l - a potion of magic {unknown}
 n - a potion of resistance {unknown}
 u - a potion of attraction {unknown}
 v - a potion of brilliance {unknown}


   Skills:
 + Level 8.3 Fighting
 + Level 6.9(9.2) Axes
 + Level 9.3(10.3) Polearms
 + Level 4.2 Armour
 + Level 6.0 Dodging
 + Level 2.4 Stealth


You had 8 spell levels left.
You didn't know any spells.
Your spell library contained the following spells:

 Spells                   Type           Power      Damage    Failure   Level
 Necrotise                Necr           0%         1d4       97%         1
 Slow                     Hex            0%         N/A       97%         1
 Blink                    Tloc           0%         N/A       99%         2
 Lesser Beckoning         Tloc           0%         N/A       99%         2
 Momentum Strike          Conj/Tloc      0%         3d8       99%         2
 Confusing Touch          Hex            0%         N/A       100%        3
 Gell's Gravitas          Tloc           0%         N/A       100%        3
 Teleport Other           Tloc           0%         N/A       100%        3
 Vampiric Draining        Necr           0%         2d6       100%        3
 Agony                    Necr           0%         N/A       100%        5
 Dispersal                Tloc           0%         N/A       100%        6


Dungeon Overview and Level Annotations

Branches:
Dungeon (7/15)             Temple (0/1) D:7

Altars:
Ashenzari
Dithmenos
Fedhas
Gozag
Nemelex Xobeh
Ru
Sif Muna
Trog
Vehumet
Wu Jian
Xom
Yredelemnul
Zin
The Shining One

Shops:
D:1 [(?(:   D:5 ?


Innate Abilities, Weirdness & Mutations

You have a pair of horns on your head.
You reflexively headbutt those who attack you in melee.


Message History

You reach to attack!
You closely miss the electric eel.
An electric eel comes into view.
The electric eel shoots out a bolt of lightning at you!
The bolt of electricity hits you!
Unknown command.
There are monsters nearby!
You reach to attack!
You hit the electric eel.
The electric eel is moderately wounded.
The electric eel shoots out a bolt of lightning at you!
The bolt of electricity hits the electric eel.
The electric eel completely resists.
The bolt of electricity hits you!
The electric eel shoots out a bolt of lightning at you!
The bolt of electricity hits you!
Unknown command.
There are monsters nearby!
You are too injured to fight recklessly!
Unknown command.
There are monsters nearby!
You are too injured to fight recklessly!
Unknown command.
As you read the scroll of teleportation, it crumbles to dust.
You feel strangely unstable.
The electric eel shoots out a bolt of lightning at you!
The bolt of electricity misses you.
The electric eel shoots out a bolt of lightning at you!
The bolt of electricity hits you!
The electric eel shoots out a bolt of lightning at you!
The bolt of electricity hits you!
You barely miss the electric eel.
The electric eel is moderately wounded.
The electric eel shoots out a bolt of lightning at you!
The bolt of electricity hits you.
The electric eel shoots out a bolt of lightning at you!
The bolt of electricity hits you!
* * * LOW HITPOINT WARNING * * *
The electric eel shoots out a bolt of lightning at you!
The bolt of electricity hits you!
* * * LOW HITPOINT WARNING * * *
The bolt of electricity hits you!
You die...

############# #.........@.#
#.#####♣~~SS~~♣ ###.# ♣
♣♣♣♣~~~~~~♣ #...♣~♣♣♣~~
~~~~~~~ #####.♣~♣~P~P~~≈
≈≈~~~~♣ .....P♣~P~~PP~≈≈
≈≈≈≈~P~
##PP~~♣~~~~≈≈≈≈≈≈≈≈≈~~~~P~~♣♣#
#~♣~PP~P~≈≈≈≈≈≈≈≈≈≈≈≈≈~~~~~~~P
#♣~~P~~~~≈≈≈≈≈≈≈≈≈≈≈≈~~P~~~~♣♣


You could see 2 electric eels.

Vanquished Creatures
  Grinder (D:4)
  Sigmund (D:3)
  Menkaure (D:5)
  A steam dragon (D:7)
  2 water moccasins
  A sky beast (D:6)
  An ice beast (D:7)
  A black bear (D:5)
  2 phantoms (D:5)
  2 necrophages
  A gnoll sergeant (D:7)
  A scorpion (D:4)
  2 bullfrogs
  3 wights (D:7)
  A howler monkey (D:7)
  4 electric eels (D:7)
  4 crimson imps (D:3)
  5 hounds
  A jelly (D:4)
  3 orc priests
  2 iguanas
  4 orc wizards
  7 gnolls
  10 adders
  A shadow imp (D:6)
  An ufetubus (D:6)
  2 dart slugs (D:4)
  14 orcs
  6 endoplasms
  2 giant cockroaches (D:1)
  7 goblins
  11 hobgoblins
  14 jackals
  2 quokkas
  7 ball pythons
  3 bats
  3 frilled lizards
  5 kobolds
  4 rats
143 creatures vanquished.

Vanquished Creatures (others)
  24 plants (D:7)
24 creatures vanquished.

Grand Total: 167 creatures vanquished

Notes
Turn   | Place    | Note
-------+----------+-------------------------------------------
     0 | D:1      | Decipherer the Minotaur Berserker began the quest for the
                  | Orb.
     0 | D:1      | Reached XP level 1. HP: 19/19 MP: 0/0
   131 | D:1      | Reached XP level 2. HP: 22/27 MP: 1/1
   208 | D:1      | Found Wafaacw's Antique Weapon Shop.
   209 | D:1      | Found Owukko's Book Shop.
   413 | D:1      | Found Jyivuown's Magic Scroll Boutique.
   487 | D:1      | Found Niucreq's Weapon Shoppe.
   608 | D:1      | Found Ymeleiz's Armour Emporium.
   832 | D:2      | Reached XP level 3. HP: 28/33 MP: 2/2
   960 | D:2      | Reached XP level 4. HP: 24/41 MP: 3/3
  1116 | D:2      | Found a faded altar of an unknown god.
  1369 | D:2      | Reached skill level 5 in Fighting
  1766 | D:3      | Reached ** piety under Trog
  1885 | D:3      | Reached XP level 5. HP: 8/48 MP: 4/4
  1892 | D:3      | Reached skill level 5 in Axes
  2130 | D:3      | Noticed Sigmund
  2143 | D:3      | Killed Sigmund
  2144 | D:3      | Reached XP level 6. HP: 57/57 MP: 5/5
  2268 | D:3      | Found a shimmering altar of Xom.
  2304 | D:3      | Reached skill level 1 in Stealth
  2518 | D:4      | Reached XP level 7. HP: 46/64 MP: 6/6
  2607 | D:4      | Noticed Grinder
  2615 | D:4      | Killed Grinder
  2616 | D:4      | Reached skill level 2 in Polearms
  2844 | D:4      | Found a blossoming altar of Fedhas.
  2880 | D:4      | Found a sparkling altar of Nemelex Xobeh.
  2942 | D:4      | Reached skill level 3 in Polearms
  3089 | D:4      | Found a bloodstained altar of Trog.
  3140 | D:4      | Reached XP level 8. HP: 73/73 MP: 7/7
  3332 | D:4      | Reached skill level 5 in Dodging
  3362 | D:4      | Found a shimmering blue altar of Sif Muna.
  3366 | D:4      | Found an ornate altar of the Wu Jian Council.
  3457 | D:4      | Reached *** piety under Trog
  3648 | D:5      | Entered Level 5 of the Dungeon
  3648 | D:5      | Found a sacrificial altar of Ru.
  3653 | D:5      | Reached skill level 4 in Polearms
  3664 | D:5      | Reached skill level 5 in Polearms
  4042 | D:5      | Found Haklogh's Magic Scroll Shop.
  4068 | D:5      | Found a glowing golden altar of the Shining One.
  4077 | D:5      | Reached skill level 6 in Polearms
  4155 | D:5      | Noticed Menkaure
  4162 | D:5      | Killed Menkaure
  4486 | D:5      | Found a shadowy altar of Dithmenos.
  4497 | D:5      | Reached skill level 7 in Polearms
  5154 | D:6      | Found a glowing silver altar of Zin.
  5154 | D:6      | Found an opulent altar of Gozag.
  5598 | D:6      | Found a broken altar of Ashenzari.
  5717 | D:6      | Found a radiant altar of Vehumet.
  5833 | D:7      | Found a basalt altar of Yredelemnul.
  5882 | D:7      | Found a staircase to the Ecumenical Temple.
  5888 | D:7      | Reached XP level 9. HP: 73/81 MP: 8/8
  5894 | D:7      | Reached skill level 8 in Polearms
  6353 | D:7      | Reached skill level 9 in Polearms
  6635 | D:7      | Killed from afar by an electric eel

Illustrated notes

Levels and vault maps discovered:
D:1:      dpeg_arrival_renting, layout_basic, serial_shops,
          nicolae_shop_bloodbath_and_beyond, shop, shop, shop,
          nicolae_lakefront_shop, minmay_pentomino_s2
D:2:      layout_basic, ebering_ecumenical_altar_rust, serial_aquarium,
          aquarium_bridge_square [aquarium_subvault_bridge,
          aquarium_subvault_wall, aquarium_subvault_bridge,
          aquarium_subvault_window], aquarium_bridge_straight
          [aquarium_subvault_bridge, aquarium_subvault_window,
          aquarium_subvault_bridge, aquarium_subvault_window],
          aquarium_window_corner, aquarium_window_fake, aquarium_window_2,
          aquarium_window_1, aquarium_view_2e, aquarium_view_2d,
          serial_bayou_pond_e
D:3:      layout_rooms, led_xom_imps, uniq_sigmund
D:4:      layout_basic, fedhas_altar_1, minitemple, nemelex_spade_bored_becter,
          mainiacjoe_overflow_catwalk, uniq_grinder
D:5:      layout_basic, grunt_dithmenos_shadows,
          mainiacjoe_overflow_large_starburst, serial_shops,
          nicolae_inconvenience_store, uniq_menkaure
D:6:      layout_loops_ring, grunt_temple_overflow_gold_and_silver,
          lemuel_round_altar, kennysheep_mini
D:7:      layout_loops_ring, mainiacjoe_overflow_cross_hatched,
          minmay_temple_entry_statues_fountains, serial_bayou,
          serial_bayou_pond_c, serial_bayou_shore_a, serial_bayou_ford_a,
          serial_bayou_lake_a, serial_bayou_lagoon_a, serial_bayou_pond_a,
          chequers_serial_rivers_room_b

Skill      XL: |  1  2  3  4  5  6  7  8  9 |
---------------+----------------------------+-----
Axes           | 4 5 6 |  6.9
Fighting       | 4 5 6 7 8 |  8.3
Dodging        | 3 4 5 6 |  6.0
Stealth        | 1 2 |  2.4
Polearms       | 3 7 9 |  9.3
Armour         | 4 |  4.2

Action                     |  1- 3 |  4- 6 |  7- 9 || total
---------------------------+-------+-------+-------++-------
  Melee: Hand axe          |    62 |    63 |       ||   125
         Headbutt          |    11 |    13 |    31 ||    55
         Halberd           |       |    21 |   223 ||   244
 Invoke: Berserk           |     2 |     3 |     4 ||     9
    Use: Scroll            |     5 |     2 |     8 ||    15
         Potion            |     1 |     1 |       ||     2
   Stab: Sleeping          |       |     1 |     2 ||     3
 Armour: Animal skin       |    14 |    11 |    21 ||    46
         Chain mail        |       |       |    26 ||    26
  Dodge: Dodged            |    40 |    73 |   115 ||   228

Table legend: (Time is in decaauts)
 A = Elapsed time spent in this place.
 B = Non-inter-level travel time spent in this place.
 C = Inter-level travel time spent in this place.
 D = Time resting spent in this place.
 E = Time spent auto-exploring this place.
 F = Levels seen in this place.
 G = Mean time per level.
                   A        B        C        D        E       F      G
               +--------+--------+--------+--------+--------+-----+--------+
         Total |   6793 |   6509 |    284 |      0 |   5534 |   7 |  970.4 |
       Dungeon |   6793 |   6509 |    284 |      0 |   5534 |   7 |  970.4 |
               +--------+--------+--------+--------+--------+-----+--------+

Top non-repeatable levels by time:
     D:4: 1304 daAuts
     D:5: 1249 daAuts
     D:2: 980 daAuts
     D:7: 909 daAuts
     D:6: 811 daAuts
     D:3: 773 daAuts
     D:1: 764 daAuts
